 Dungeon Crawl Stone Soup version 0.27.1-3-gb3d3a73c9e (webtiles) character file.

Game seed: 1179658463587322166

13693 Crownlay the Cleaver (level 12, -11/110 HPs)
             Began as a Hill Orc Fighter on Oct 23, 2021.
             Was a High Priest of Okawaru.
             Mangled by a cyclops (13 damage)
             ... on level 11 of the Dungeon.
             The game lasted 00:21:16 (12476 turns).

Crownlay the Cleaver (Hill Orc Fighter)            Turns: 12476, Time: 00:21:17

Health: -11/110    AC: 14    Str: 24    XL:     12   Next: 8%
Magic:  21/21      EV: 12    Int:  8    God:    Okawaru [*****.]
Gold:   627        SH:  5    Dex: 10    Spells: 11/11 levels left

rFire    + . .     SeeInvis .   a - +0 war axe
rCold    . . .     Faith    .   (no shield)
rNeg     . . .     Spirit   .   N - +0 acid dragon scales
rPois    .         Reflect  +   l - +1 helmet "Poetzeo" {Rampage rF+ Stlth+}
rElec    .         Harm     .   L - +0 cloak
rCorr    +         Rampage  +   (no gloves)
Will     +....                  B - +1 pair of boots {rampage}
Stlth    +++.......             g - amulet of reflection
HPRegen  0.28/turn              h - +4 ring of slaying
MPRegen  0.17/turn              q - ring of willpower

@: heroic
A: no striking features
a: Renounce Religion, Heroism, Finesse


You were on level 11 of the Dungeon.
You worshipped Okawaru.
Okawaru was extremely pleased with you.
You visited 2 branches of the dungeon, and saw 12 of its levels.

You collected 627 gold pieces.

Inventory:

Hand Weapons
 a - a +0 war axe (weapon)
 V - a +2 scimitar of flaming
Missiles
 p - a curare-tipped dart
 y - 6 throwing nets (quivered)
 D - 2 javelins
Armour
 c - a +0 kite shield
 l - the +1 helmet "Poetzeo" (worn) {Rampage rF+ Stlth+}
   (You took it off Robin on level 2 of the Dungeon)

   rF:        It protects you from fire.
   Rampage:   It bestows one free step when moving towards enemies.
   Stlth:     It makes you more stealthy.
 B - a +1 pair of boots of rampaging (worn)
 L - a +0 cloak (worn)
 N - +0 acid dragon scales (worn)
Jewellery
 b - a ring of ice
 g - an amulet of reflection (around neck)
 h - a +4 ring of slaying (left hand)
 k - a ring of positive energy
 o - a ring of ice
 q - a ring of willpower (right hand)
 u - a ring of fire
 F - an amulet of regeneration
 S - a ring of ice
 U - a ring of protection from cold
Wands
 s - a wand of mindburst (33)
 G - a wand of paralysis (13)
 Q - a wand of acid (22)
Scrolls
 e - a scroll of magic mapping
 f - 2 scrolls of fear
 i - 6 scrolls of amnesia
 j - 5 scrolls of teleportation
 n - 3 scrolls of immolation
 r - a scroll of vulnerability
 t - a scroll of blinking {unknown}
 E - a scroll of fog {unknown}
 I - a scroll of enchant weapon {unknown}
 J - a scroll of torment {unknown}
 K - a scroll of identify
 P - a scroll of enchant armour
 R - a scroll of summoning {unknown}
Potions
 d - a potion of might
 m - 2 potions of degeneration
 v - 2 potions of brilliance
 w - 2 potions of flight
 x - a potion of curing
 z - a potion of mutation {unknown}
 A - a potion of attraction {unknown}
 H - a potion of haste {unknown}
 O - a potion of lignification {unknown}
 T - a potion of berserk rage {unknown}


   Skills:
 + Level 11.0(16.0) Fighting
 - Level 14.0(19.0) Axes
 - Level 3.2(8.2) Armour
 * Level 6.8(11.8) Shields
 - Level 12.0 Invocations
 + Level 7.3 Evocations


You had 11 spell levels left.
You didn't know any spells.
Your spell library contained the following spells:

 Spells                   Type           Power      Damage    Failure   Level
 Sandblast                Erth           0%         2d4       45%         1
 Corpse Rot               Necr/Air       N/A        N/A       61%         2
 Passwall                 Tmut/Erth      0%         N/A       61%         2
 Poisonous Vapours        Pois/Air       0%         N/A       61%         2
 Slow                     Hex            0%         N/A       61%         2
 Confusing Touch          Hex            0%         N/A       83%         3
 Ozocubu's Armour         Ice            0%         N/A       83%         3
 Animate Dead             Necr           0%         N/A       99%         4
 Petrify                  Tmut/Erth      0%         N/A       99%         4
 Borgnjor's Vile Clutch   Necr/Erth      0%         N/A       100%        5
 Freezing Cloud           Conj/Ice/Air   0%         6-21      100%        5
 Lee's Rapid Deconstruct  Erth           0%         3d5*      100%        5
 Metabolic Englaciation   Hex/Ice        0%         N/A       100%        5
 Yara's Violent Unravell  Hex/Tmut       0%         3d3       100%        5
 Death Channel            Necr           0%         N/A       100%        6
 Simulacrum               Ice/Necr       0%         N/A       100%        6
 Statue Form              Tmut/Erth      0%         N/A       100%        6


Dungeon Overview and Level Annotations

Branches:
Dungeon (11/15)            Temple (1/1) D:4            Lair (0/6) D:8
    Orc (0/2) D:10

Altars:
Ashenzari
Cheibriados
Dithmenos
Gozag
Nemelex Xobeh
Okawaru
Qazlal
Vehumet
Wu Jian
Xom
Zin
Jiyva

Shops:
D:7 ?*=

Annotations:
D:4 2 transporters
D:11 Snorg


Message History

You hit Snorg.
Snorg is moderately wounded.
You block Snorg's attack. Snorg claws you but does no damage. x2
You slash Snorg!
Snorg is heavily wounded.
You slash Snorg!
Snorg is heavily wounded.
Snorg goes berserk!
You slash Snorg!
Snorg is heavily wounded.
Snorg bites you! You block Snorg's attack. Snorg closely misses you.
You slash Snorg!
Snorg is severely wounded.
Snorg bites you! Snorg closely misses you. Snorg claws you.
You barely miss Snorg.
Snorg is severely wounded.
You block Snorg's attack. Snorg claws you! x2
* * * LOW HITPOINT WARNING * * *
You feel much better. Snorg closely misses you. You block Snorg's attack.
Snorg claws you! Snorg bites you!
* * * LOW HITPOINT WARNING * * *
You block Snorg's attack. Snorg closely misses you.
You closely miss Snorg.
Snorg is severely wounded.
You slash the cyclops! Snorg bites you!
* * * LOW HITPOINT WARNING * * *
Snorg closely misses you. Snorg claws you but does no damage.
Okay, then.
You feel much better. Snorg bites you!!
* * * LOW HITPOINT WARNING * * *
Snorg claws you.
* * * LOW HITPOINT WARNING * * *
Snorg claws you.
* * * LOW HITPOINT WARNING * * *
The cyclops hits you but does no damage.
You feel better. Snorg misses you. You block Snorg's attack.
Snorg misses you. x2
Snorg claws you!
* * * LOW HITPOINT WARNING * * *
Snorg claws you but does no damage. The cyclops hits you!
You die...

....##..................##.### #
....##..................##...####
....................... ###.....
...................... ######
....................# ....
....................### #.####
......................# #
......................##
####............@.......
................CT......
........./..............
...######.######........ ...# #.
#####.... ...# # .... ...# ...
...# .. ...#


You could see Snorg (berserk) and a cyclops.

Vanquished Creatures
  Harold (D:8)
  Fannar (D:10)
  A boulder beetle (D:11)
  Erica (D:11)
  A two-headed ogre (D:8)
  2 manticores (D:11)
  Maurice (D:11)
  Maggie (D:7)
  A gargoyle (D:10)
  A komodo dragon (D:10)
  2 trolls
  A hornet (D:9)
  A shadow (D:10)
  9 yaks
  A steam dragon (D:8)
  An acid dragon (D:8)
  3 water moccasins
  3 orc warriors
  2 ice beasts (D:6)
  3 sky beasts
  A black bear (D:8)
  2 necrophages
  A hornet zombie (D:7)
  7 ogres
  9 centaurs
  A phantom (D:5)
  A bullfrog (D:7)
  4 kobold brigands
  A wyvern zombie (D:9)
  5 gnoll sergeants
  2 scorpions
  A water moccasin skeleton (D:5)
  5 wights
  3 howler monkeys (D:10)
  2 bullfrog zombies (D:6)
  4 centaur zombies
  5 hounds
  4 orc priests (D:8)
  Crazy Yiuf (D:7)
  An iron imp (D:4)
  4 jellies
  A centaur skeleton (D:6)
  A gnoll shaman (D:6)
  11 orc wizards
  Natasha (thrice) (D:2)
  2 iguanas
  2 killer bee zombies
  A hound skeleton (D:4)
  A howler monkey zombie (D:4)
  Robin (D:2)
  27 gnolls
  6 adders
  A shadow imp (D:6)
  2 ufetubi
  A worm (D:3)
  4 dart slugs
  24 orcs
  3 bats
  3 endoplasms
  A giant cockroach (D:4)
  14 goblins
  12 hobgoblins
  3 quokkas
  12 ball pythons
  6 frilled lizards
  10 kobolds
  8 rats
261 creatures vanquished.

Vanquished Creatures (others)
  6 plants (D:1)
6 creatures vanquished.

Grand Total: 267 creatures vanquished

Notes
Turn   | Place    | Note
-------+----------+-------------------------------------------
     0 | D:1      | Crownlay the Hill Orc Fighter began the quest for the Orb.
     0 | D:1      | Reached XP level 1. HP: 19/19 MP: 1/1
    45 | D:1      | Reached skill level 3 in Axes
   461 | D:1      | Reached XP level 2. HP: 27/27 MP: 2/2
   888 | D:1      | Reached skill level 4 in Axes
   927 | D:1      | Reached XP level 3. HP: 33/33 MP: 3/3
  1068 | D:2      | Identified the +1 helmet "Poetzeo" {Rampage rF+ Stlth+}
  1068 | D:2      | Noticed Robin
  1367 | D:2      | Killed Robin
  1368 | D:2      | Reached XP level 4. HP: 38/41 MP: 4/4
  1436 | D:2      | Found a faded altar of an unknown god.
  1438 | D:2      | Reached skill level 5 in Axes
  1709 | D:2      | Noticed Natasha
  1713 | D:2      | Killed Natasha
  1739 | D:2      | Reached XP level 5. HP: 47/47 MP: 5/5
  1827 | D:2      | Noticed Natasha
  1830 | D:2      | Killed Natasha
  1862 | D:2      | Noticed Natasha
  1870 | D:2      | Killed Natasha
  1871 | D:2      | Reached skill level 5 in Fighting
  1871 | D:2      | Reached skill level 6 in Axes
  2360 | D:3      | Reached XP level 6. HP: 56/56 MP: 6/6
  2661 | D:3      | Reached skill level 7 in Axes
  2836 | D:4      | Found a transporter.
  2847 | D:4      | Found a transporter.
  3192 | D:4      | Found a staircase to the Ecumenical Temple.
  3203 | Temple   | Entered the Ecumenical Temple
  3247 | Temple   | Became a worshipper of Warmaster Okawaru
  3305 | D:4      | Reached skill level 8 in Axes
  3305 | D:4      | Reached XP level 7. HP: 36/63 MP: 7/7
  3605 | D:4      | Found a snail-covered altar of Cheibriados.
  3729 | D:5      | Entered Level 5 of the Dungeon
  3814 | D:5      | Reached skill level 9 in Axes
  3884 | D:5      | Reached * piety under Okawaru
  3885 | D:5      | Reached skill level 1 in Invocations
  4097 | D:5      | Reached XP level 8. HP: 71/71 MP: 9/9
  4119 | D:5      | Reached skill level 10 in Axes
  4627 | D:6      | Reached skill level 11 in Axes
  4633 | D:6      | Reached ** piety under Okawaru
  4785 | D:6      | Reached skill level 5 in Invocations
  5010 | D:6      | Reached XP level 9. HP: 76/78 MP: 11/13
  5101 | D:6      | Reached skill level 12 in Axes
  5404 | D:6      | You fall into a shaft and drop 3 floors!
  5732 | D:7      | Noticed Maggie
  5748 | D:7      | Killed Maggie
  5749 | D:7      | Reached skill level 13 in Axes
  5869 | D:7      | Found Lucij's General Store.
  5980 | D:7      | Found a radiant altar of Vehumet.
  5981 | D:7      | Found a broken altar of Ashenzari.
  5982 | D:7      | Found a shadowy altar of Dithmenos.
  5982 | D:7      | Found an ornate altar of the Wu Jian Council.
  5982 | D:7      | Found a stormy altar of Qazlal.
  6049 | D:7      | Found Vism's Magic Scroll Shoppe.
  6291 | D:7      | Found Watha's Jewellery Emporium.
  6332 | D:7      | Found a runed translucent door.
  6333 | D:7      | Noticed Crazy Yiuf
  6341 | D:7      | Killed Crazy Yiuf
  6414 | D:7      | Reached *** piety under Okawaru
  6623 | D:8      | Found a staircase to the Lair.
  6647 | D:8      | Reached skill level 14 in Axes
  6647 | D:8      | Reached XP level 10. HP: 66/84 MP: 16/16
  6733 | D:8      | Reached skill level 1 in Evocations
  7416 | D:8      | Noticed Harold
  7436 | D:8      | Killed Harold
  7436 | D:8      | Reached **** piety under Okawaru
  7437 | D:8      | Reached skill level 10 in Invocations
  7737 | D:8      | Noticed a two-headed ogre
  7750 | D:8      | Killed a two-headed ogre
  8260 | D:9      | Paralysed by a hornet for 2 turns
  8929 | D:9      | Reached XP level 11. HP: 85/95 MP: 19/19
  9085 | D:9      | Reached ***** piety under Okawaru
  9135 | D:9      | Found a shimmering altar of Xom.
  9310 | D:9      | Found a viscous altar of Jiyva.
  9400 | D:10     | Entered Level 10 of the Dungeon
  9439 | D:10     | Reached skill level 5 in Evocations
  9698 | D:10     | Noticed Fannar
  9723 | D:10     | Killed Fannar
 10278 | D:10     | Received a gift from Okawaru
 10279 | D:10     | Reached skill level 10 in Fighting
 10308 | D:10     | Found an opulent altar of Gozag.
 10374 | D:10     | Found a staircase to the Orcish Mines.
 11134 | D:11     | Noticed Maurice
 11153 | D:11     | Killed Maurice
 11226 | D:11     | Noticed a manticore
 11232 | D:11     | Killed a manticore
 11233 | D:11     | Reached skill level 5 in Shields
 11315 | D:11     | Identified the +4 falchion of Dishonour {drain, rCorr Str+8
                  | Dex-5 Stlth-}
 11365 | D:11     | Noticed a boulder beetle
 11388 | D:11     | Killed a boulder beetle
 11721 | D:11     | Noticed a manticore
 11733 | D:11     | Killed a manticore
 12092 | D:11     | Noticed Erica
 12140 | D:11     | Killed Erica
 12141 | D:11     | Reached XP level 12. HP: 42/108 MP: 18/21
 12453 | D:11     | Noticed Snorg
 12475 | D:11     | HP: 5/110 [Snorg (4)]
 12476 | D:11     | HP: 2/110 [Snorg (10)]
 12476 | D:11     | Mangled by a cyclops

Illustrated notes

Levels and vault maps discovered:
D:1:      roderic_crop_circles_arrival_small, layout_basic
D:2:      layout_basic, hellmonk_ecumenical_altar_blasted, minmay_ruptured,
          uniq_natasha, uniq_robin
D:3:      layout_loops_ring
D:4:      gammafunk_steamed_eel, layout_cave_pools, slow_altar_2,
          minmay_temple_entry_purple_smoke, minmay_misc_feat_secret_circle
D:5:      layout_gridville, kennysheep_nub
D:6:      layout_loops_ring, minmay_misc_feat_doors
D:7:      layout_basic, grunt_temple_overflow_open, serial_shops, shop_statue,
          kennysheep_mini, shop, kennysheep_generic_room_4,
          uniq_crazy_yiuf_cottage, uniq_maggie
D:8:      layout_basic, lair_entry_dummy, grunt_ogre_cave, uniq_harold
D:9:      layout_big_octagon, xom_teletrap_fun, jiyva_altar_1
D:10:     layout_basic, grunt_gozag_statues,
          kennysheep_orc_monster_closet_entryway, uniq_fannar
D:11:     layout_basic, serial_co_window_serial, co_window_paths_a,
          co_window_paths_a, co_window_corner_a, co_window_paths_a,
          co_window_paths_b, co_window_unsneaky_path_b, co_window_cross_3,
          co_window_broadway_b, co_window_broadway_b, nicolae_specific_store,
          uniq_snorg, uniq_maurice, uniq_erica
Temple:   minmay_temple_curvy_branch

Skill      XL: |  1  2  3  4  5  6  7  8  9 10 11 12 |
---------------+-------------------------------------+-----
Axes           | 3 4 5 6 8 9 11 14 | 14.0
Fighting       | 4 5 6 8 10 11 | 11.0
Invocations    | 1 5 8 11 12 | 12.0
Evocations     | 4 7 |  7.3
Shields        | 6 |  6.8
Armour         | |  3.2

Action                   |  1- 3 |  4- 6 |  7- 9 | 10-12 || total
-------------------------+-------+-------+-------+-------++-------
Melee: War axe           |    76 |   107 |   259 |   422 ||   864
       Punch             |       |       |     1 |     4 ||     5
Throw: Throwing net      |       |       |       |     2 ||     2
Invok: Heroism           |       |       |     4 |    12 ||    16
Evoke: Wand              |       |       |       |     2 ||     2
  Use: Scroll            |       |       |     4 |     7 ||    11
       Potion            |       |       |       |     5 ||     5
 Stab: Sleeping          |       |       |     2 |       ||     2
       Held in net/web   |       |       |       |     1 ||     1
Armor: Scale mail        |    32 |    33 |    87 |       ||   152
       Acid dragon scale |       |       |     8 |   149 ||   157
Dodge: Dodged            |    41 |    35 |    88 |   184 ||   348
Block: Other             |    13 |    21 |    59 |    74 ||   167
       Reflection        |       |       |       |     4 ||     4
